Map: Orbital Shipyard

Players

AcerBly (Bly) - Winner!

  • Race: Zerg Zerg

Lambo

  • Race: Zerg Zerg
  • League: Grandmaster

Event: DreamHack ROCCAT LotV Championship

VOD

Have the link to the VOD?

Description

Time

  • Played on: Nov. 27, 2015, 9:06 a.m.
  • Length: 3:15

All games in this series

Show
View Real Time Build Order
Export as new Build Order

AcerBly Zerg - Winner!

Build Orders: Pool First 

Get SALT Encoding   

  12  0:00  Drone  
  13  0:11  Drone  
  14  0:14  Extractor  
  13  0:27  Spawning Pool  
  12  0:32  Drone  
  13  0:37  Drone  
  14  0:45  Drone, Extractor  
  15  0:55  Overlord  
  15  1:14  Queen  
  15  1:15  Metabolic Boost  
  17  1:19  Zergling x2  
  17  1:21  Zergling x2  
  19  1:25  Zergling x2  
  19  1:30  Zergling x2  
  21  1:51  Hatchery  
  20  1:57  Overlord  
  20  2:04  Zergling x4  
  22  2:16  Zergling x2  
  23  2:24  Zergling x4  
  23  2:25  Zergling x2  
  26  2:38  Drone, Queen  
  28  2:56  Zergling x2  
Show
View Real Time Build Order
Export as new Build Order

Lambo Zerg 

Build Orders: Hatch First 

Get SALT Encoding   

  12  0:00  Drone  
  13  0:12  Overlord  
  13  0:17  Drone  
  14  0:31  Drone x2  
  16  0:36  Drone  
  17  0:51  Hatchery  
  17  0:55  Drone  
  17  1:07  Spawning Pool  
  17  1:09  Extractor  
  15  1:12  Drone  
  15  1:15  Drone  
  17  1:19  Drone  
  18  1:28  Drone  
  19  1:39  Overlord  
  19  1:50  Drone  
  19  1:53  Queen  
  22  2:00  Zergling x2  
  23  2:03  Drone, Queen  
  26  2:11  Drone  
  27  2:16  Drone  
  29  2:22  Drone  
  29  2:25  Overlord  
  29  2:34  Roach Warren  
  28  2:37  Drone  
  28  2:38  Drone  
  30  2:45  Zergling x2  
  30  2:51  Zergling x2  

Tags
 
Add a new tag
Caveats
  • Supply blocks, unpowered buildings, or Contaminate may cause inaccurate times.
  • Supply counts are checked every 10 seconds.